HSSL
BISHOP AMAT HS @ BILLINGS WEST HS GOLDEN BEARS
04/11/2027
 
TOP OF THE 1ST
Bishop Amat HS batting - Pitching for Billings West HS Golden Bears : LHP Marvin Dailey
Pitching: LHP Marvin Dailey
Batting: RHB Steve Bañuelos 0-0: Ball
1-0: Foul Ball, location: 2F
1-1: Foul Ball, location: 2F
1-2: Ball
2-2: Ground out 1-3 (Groundball, 15S)
Batting: RHB Ken Pérez 0-0: DOUBLE (Line Drive, 78M)
Batting: RHB Mike Best 0-0: Called Strike
0-1: Ball
1-1: Ball
2-1: SINGLE (Line Drive, 7LM)
Ken Pérez to third
Runner from 3rd tries for Home, SAFE, throw made home
Mike Best to second
Batting: RHB Louis García 0-0: Foul Ball, location: 2F
0-1: Swinging Strike
0-2: Ball
1-2: Foul Ball, location: 2F
1-2: Foul Ball, location: 2F
1-2: Ball
2-2: Foul Ball, location: 2F
2-2: Strikes out swinging
Batting: RHB Haywood Young 0-0: Ball
1-0: SINGLE (Line Drive, 78M)
Mike Best to third
Runner from 3rd tries for Home, SAFE, no throw
Batting: LHB Adam Roberts 0-0: Ground out U3 (Groundball, 34)
Top of the 1st over - 2 run(s), 3 hit(s), 0 error(s), 1 left on base; Bishop Amat HS 2 - Billings West HS 0
BOTTOM OF THE 1ST
Billings West HS Golden Bears batting - Pitching for Bishop Amat HS : RHP Richard Castle
Pitching: RHP Richard Castle
Batting: RHB Jason Cook 0-0: Foul Ball, location: 2F
0-1: Swinging Strike
0-2: Ball
1-2: Ball
2-2: Foul Ball, location: 2F
2-2: Fly out, F9 (Flyball, 9)
Batting: SHB Juan Soriano 0-0: Ground out 6-3 (Groundball, 6)
Batting: LHB Jean Beauchemin 0-0: DOUBLE (Line Drive, 89D)
Batting: RHB Michael Scott 0-0: Fly out, F8 (Flyball, 8RS)
Bottom of the 1st over - 0 run(s), 1 hit(s), 0 error(s), 1 left on base; Bishop Amat HS 2 - Billings West HS 0
TOP OF THE 2ND
Bishop Amat HS batting - Pitching for Billings West HS Golden Bears : LHP Marvin Dailey
Batting: RHB Edison Knight 0-0: SINGLE (Flyball, 78S)
Batting: RHB Andrew Miller 0-0: Ball
1-0: Grounds into double play, 6-4-3 (Groundball, 6)
Batting: RHB Ben Martin 0-0: Called Strike
0-1: Foul Ball, location: 2F
0-2: Strikes out swinging
Top of the 2nd over - 0 run(s), 1 hit(s), 0 error(s), 0 left on base; Bishop Amat HS 2 - Billings West HS 0
BOTTOM OF THE 2ND
Billings West HS Golden Bears batting - Pitching for Bishop Amat HS : RHP Richard Castle
Batting: RHB Rod Zamora 0-0: Foul Ball, location: 2F
0-1: Ball
1-1: Ball
2-1: SINGLE (Groundball, 4MD)
Batting: LHB Millard Mays 0-0: Fly out, F8 (Flyball, 8LM)
Batting: RHB Roberto Hernández 0-0: Ball
1-0: Foul Ball, location: 2F
1-1: Fly out, F8 (Flyball, 89M)
Batting: RHB Ethan Ramos 0-0: SINGLE (Groundball, 34D)
Rod Zamora to second
Runner from 2nd tries for 3rd, OUT!
Bottom of the 2nd over - 0 run(s), 2 hit(s), 0 error(s), 1 left on base; Bishop Amat HS 2 - Billings West HS 0
TOP OF THE 3RD
Bishop Amat HS batting - Pitching for Billings West HS Golden Bears : LHP Marvin Dailey
Batting: RHB Steve Bañuelos 0-0: Foul Ball, location: 2F
0-1: SINGLE (Groundball, 6) (infield hit)
Batting: RHB Ken Pérez 0-0: Ball
1-0: Called Strike
Pickoff Throw to First - Error! E1
Steve Bañuelos to second
1-1: Ground out 6-3 (Groundball, 6S)
Steve Bañuelos to third
Batting: RHB Mike Best 0-0: Ball
1-0: Ball
2-0: Fly out, F9 (Flyball, 9S)
Batting: RHB Louis García 0-0: Foul Ball, location: 2F
0-1: Ground out U3 (Groundball, 34)
Top of the 3rd over - 0 run(s), 1 hit(s), 1 error(s), 1 left on base; Bishop Amat HS 2 - Billings West HS 0
BOTTOM OF THE 3RD
Billings West HS Golden Bears batting - Pitching for Bishop Amat HS : RHP Richard Castle
Batting: RHB Eric Dodd 0-0: Bunted foul
0-1: Ball
1-1: Foul Ball, location: 2F
1-2: Ball
2-2: Foul Ball, location: 2F
2-2: Fly out, F7 (Flyball, 78M)
Batting: RHB Jason Cook 0-0: Foul Ball, location: 2F
0-1: Foul Ball, location: 2F
0-2: Fly out, F7 (Flyball, 7LM)
Batting: SHB Juan Soriano 0-0: Ball
1-0: Ball
2-0: Called Strike
2-1: Ball
3-1: Base on Balls
Batting: LHB Jean Beauchemin 0-0: Ball
1-0: Fly out, F8 (Line Drive, 8RM)
Bottom of the 3rd over - 0 run(s), 0 hit(s), 0 error(s), 1 left on base; Bishop Amat HS 2 - Billings West HS 0
TOP OF THE 4TH
Bishop Amat HS batting - Pitching for Billings West HS Golden Bears : LHP Marvin Dailey
Batting: RHB Haywood Young 0-0: Foul Ball, location: 2F
0-1: Ball
1-1: Swinging Strike
1-2: Ball
2-2: SINGLE (Groundball, 6MD)
Batting: LHB Adam Roberts 0-0: SINGLE (Groundball, 34) (infield hit)
Haywood Young to second
Batting: RHB Edison Knight 0-0: Ball
1-0: Swinging Strike
1-1: Foul Ball, location: 2F
1-2: SINGLE (Groundball, 56D)
Haywood Young to third
Adam Roberts to second
Runner from 3rd tries for Home, SAFE, no throw
Batting: RHB Andrew Miller 0-0: Foul Ball, location: 2F
0-1: Ball
Wild Pitch!
Adam Roberts to third
Edison Knight to second
1-1: Ball
Wild Pitch!
Adam Roberts scores
Edison Knight to third
2-1: Swinging Strike
2-2: Ball
3-2: Foul Ball, location: 2F
3-2: Strikes out swinging
Batting: RHB Ben Martin 0-0: Ball
1-0: Ball
2-0: 2-RUN HOME RUN (Flyball, 9D), Distance : 401 ft
Pitching: RHP Will Lewis
Batting: RHB Steve Bañuelos 0-0: Ball
1-0: Swinging Strike
1-1: Called Strike
1-2: Strikes out swinging
Batting: RHB Ken Pérez 0-0: Fly out, F8 (Line Drive, 8RD)
Top of the 4th over - 4 run(s), 4 hit(s), 0 error(s), 0 left on base; Bishop Amat HS 6 - Billings West HS 0
BOTTOM OF THE 4TH
Billings West HS Golden Bears batting - Pitching for Bishop Amat HS : RHP Richard Castle
Batting: RHB Michael Scott 0-0: Ball
1-0: Ball
2-0: Ball
3-0: Called Strike
3-1: Base on Balls
Batting: RHB Rod Zamora 0-0: Fly out, F5 (Popup, 56)
Batting: LHB Millard Mays 0-0: Ball
1-0: Ball
2-0: Ball
3-0: Base on Balls
Michael Scott to second
Batting: RHB Roberto Hernández 0-0: Called Strike
0-1: Called Strike
0-2: Foul Ball, location: 2F
0-2: Fly out, F8 (Flyball, 8RM)
Batting: RHB Ethan Ramos 0-0: Fly out, F8 (Flyball, 8RM)
Bottom of the 4th over - 0 run(s), 0 hit(s), 0 error(s), 2 left on base; Bishop Amat HS 6 - Billings West HS 0
TOP OF THE 5TH
Bishop Amat HS batting - Pitching for Billings West HS Golden Bears : RHP Will Lewis
Batting: RHB Mike Best 0-0: Called Strike
0-1: Foul Ball, location: 2F
0-2: Foul Ball, location: 2F
0-2: Foul Ball, location: 2F
0-2: Ball
1-2: Foul Ball, location: 2F
1-2: Ball
2-2: Foul Ball, location: 2F
2-2: Ball
3-2: Fly out, F5 (Popup, 5L)
Batting: RHB Louis García 0-0: Ball
1-0: Foul Ball, location: 2F
1-1: Ball
2-1: Foul Ball, location: 2F
2-2: Ball
3-2: Fly out, F9 (Flyball, 9LMF)
Batting: RHB Haywood Young 0-0: Foul Ball, location: 2F
0-1: Swinging Strike
0-2: Strikes out looking
Top of the 5th over - 0 run(s), 0 hit(s), 0 error(s), 0 left on base; Bishop Amat HS 6 - Billings West HS 0
BOTTOM OF THE 5TH
Billings West HS Golden Bears batting - Pitching for Bishop Amat HS : RHP Richard Castle
Batting: RHB Eric Dodd 0-0: Foul Ball, location: 2F
0-1: Ball
1-1: Ball
2-1: DOUBLE (Flyball, 89M)
Batting: RHB Jason Cook 0-0: Called Strike
Eric Dodd is caught stealing 3rd base
0-1: Foul Ball, location: 2F
0-2: Ball
1-2: Ball
2-2: Foul Ball, location: 2F
2-2: Ground out 4-3 (Groundball, 4)
Batting: SHB Juan Soriano 0-0: Ball
1-0: Foul Ball, location: 2F
1-1: Ball
2-1: Ball
3-1: Base on Balls
Batting: LHB Jean Beauchemin 0-0: Called Strike
0-1: Ball
1-1: Swinging Strike
1-2: Ball
2-2: Foul Ball, location: 2F
2-2: Foul Ball, location: 2F
2-2: Foul Ball, location: 2F
2-2: SINGLE (Flyball, 89S)
Juan Soriano to second
Runner from 2nd tries for 3rd, SAFE, no throw
Batting: RHB Michael Scott 0-0: Ball
1-0: Called Strike
1-1: SINGLE (Groundball, 56D)
Juan Soriano scores
Jean Beauchemin to second
Batting: RHB Rod Zamora 0-0: Called Strike
0-1: Ball
1-1: Foul Ball, location: 2F
1-2: Fielders Choice at 2nd, 5-4 (Groundball, 5L)
Bottom of the 5th over - 1 run(s), 3 hit(s), 0 error(s), 1 left on base; Bishop Amat HS 6 - Billings West HS 1
TOP OF THE 6TH
Bishop Amat HS batting - Pitching for Billings West HS Golden Bears : RHP Will Lewis
Batting: LHB Adam Roberts 0-0: Fly out, F7 (Flyball, 78M)
Batting: RHB Edison Knight 0-0: Foul Ball, location: 2F
0-1: Ball
1-1: Called Strike
1-2: Strikes out swinging
Batting: RHB Andrew Miller 0-0: Called Strike
0-1: Ball
1-1: Foul Ball, location: 2F
1-2: Strikes out swinging
Top of the 6th over - 0 run(s), 0 hit(s), 0 error(s), 0 left on base; Bishop Amat HS 6 - Billings West HS 1
BOTTOM OF THE 6TH
Billings West HS Golden Bears batting - Pitching for Bishop Amat HS : RHP Richard Castle
Batting: LHB Millard Mays 0-0: Called Strike
0-1: Foul Ball, location: 2F
0-2: Strikes out swinging
Pitching: RHP Bob Schultz
Batting: RHB Roberto Hernández 0-0: Ball
1-0: Called Strike
1-1: Ball
2-1: Ground out 6-3 (Groundball, 6)
Batting: RHB Ethan Ramos 0-0: Ball
1-0: SINGLE (Groundball, 56) (infield hit)
Batting: RHB Eric Dodd 0-0: Foul Ball, location: 2F
0-1: Ball
1-1: Fly out, F6 (Popup, 6MD)
Bottom of the 6th over - 0 run(s), 1 hit(s), 0 error(s), 1 left on base; Bishop Amat HS 6 - Billings West HS 1
TOP OF THE 7TH
Bishop Amat HS batting - Pitching for Billings West HS Golden Bears : RHP Will Lewis
Batting: RHB Ben Martin 0-0: Ground out 4-3 (Groundball, 4)
Batting: RHB Steve Bañuelos 0-0: Ball
1-0: Called Strike
1-1: Ball
2-1: Ball
3-1: Base on Balls
Batting: RHB Ken Pérez 0-0: Foul Ball, location: 2F
0-1: Foul Ball, location: 2F
0-2: Fly out, F9 (Flyball, 9D)
Batting: RHB Mike Best 0-0: Ball
Steve Bañuelos steals 2nd base
1-0: Called Strike
1-1: Ball
Steve Bañuelos steals 3rd base
2-1: Foul Ball, location: 2F
2-2: Ball
3-2: Strikes out looking
Top of the 7th over - 0 run(s), 0 hit(s), 0 error(s), 1 left on base; Bishop Amat HS 6 - Billings West HS 1
BOTTOM OF THE 7TH
Billings West HS Golden Bears batting - Pitching for Bishop Amat HS : RHP Bob Schultz
Batting: RHB Jason Cook 0-0: Called Strike
0-1: Ball
1-1: Fly out, F9 (Line Drive, 89M)
Batting: SHB Juan Soriano 0-0: Called Strike
0-1: Foul Ball, location: 2F
0-2: Ball
1-2: Strikes out swinging
Batting: LHB Jean Beauchemin 0-0: Ball
1-0: Foul Ball, location: 2F
1-1: Ball
2-1: Called Strike
2-2: Foul Ball, location: 2F
2-2: Ball
3-2: Base on Balls
Batting: RHB Michael Scott 0-0: Called Strike
Jean Beauchemin steals 2nd base
0-1: Fly out, F8 (Flyball, 8RXD)
Bottom of the 7th over - 0 run(s), 0 hit(s), 0 error(s), 1 left on base; Bishop Amat HS 6 - Billings West HS 1
TOP OF THE 8TH
Bishop Amat HS batting - Pitching for Billings West HS Golden Bears : RHP Will Lewis
Batting: RHB Louis García 0-0: Ball
1-0: Ball
2-0: Called Strike
2-1: Foul Ball, location: 2F
2-2: SINGLE (Groundball, 6MD)
Pitching: RHP Bill Cooper
Batting: RHB Haywood Young 0-0: Fielders Choice at 2nd, 4-6 (Groundball, 4M)
Batting: LHB Adam Roberts 0-0: Grounds into double play, 4-6-3 (Groundball, 4)
Top of the 8th over - 0 run(s), 1 hit(s), 0 error(s), 0 left on base; Bishop Amat HS 6 - Billings West HS 1
BOTTOM OF THE 8TH
Billings West HS Golden Bears batting - Pitching for Bishop Amat HS : RHP Bob Schultz
Batting: RHB Rod Zamora 0-0: Called Strike
0-1: Ball
1-1: Swinging Strike
1-2: Strikes out looking
Batting: LHB Millard Mays 0-0: Ball
1-0: Called Strike
1-1: Foul Ball, location: 2F
1-2: Ball
2-2: Foul Ball, location: 2F
2-2: Ball
3-2: Strikes out swinging
Batting: RHB Roberto Hernández 0-0: Ball
1-0: Ball
2-0: Ground out 5-3 (Groundball, 5S)
Bottom of the 8th over - 0 run(s), 0 hit(s), 0 error(s), 0 left on base; Bishop Amat HS 6 - Billings West HS 1
TOP OF THE 9TH
Bishop Amat HS batting - Pitching for Billings West HS Golden Bears : RHP Bill Cooper
Batting: RHB Edison Knight 0-0: SINGLE (Groundball, 5S) (infield hit)
Batting: RHB Andrew Miller 0-0: Ball
1-0: Ball
2-0: Ball
3-0: Called Strike
3-1: Base on Balls
Edison Knight to second
Batting: RHB Ben Martin 0-0: Called Strike
0-1: Ball
1-1: Called Strike
1-2: Foul Ball, location: 2F
1-2: Foul Ball, location: 2F
1-2: Foul Ball, location: 2F
1-2: Ball
2-2: Ball
3-2: Base on Balls
Edison Knight to third
Andrew Miller to second
Batting: RHB Steve Bañuelos 0-0: Foul Ball, location: 2F
0-1: Called Strike
0-2: Ball
1-2: Strikes out looking
Batting: RHB Ken Pérez 0-0: Ball
1-0: Ball
2-0: Foul Ball, location: 2F
2-1: Swinging Strike
2-2: Strikes out swinging
Batting: RHB Mike Best 0-0: Ball
1-0: Ball
2-0: Ball
3-0: Called Strike
3-1: Called Strike
3-2: Fly out, F3 (Popup, 3S)
Top of the 9th over - 0 run(s), 1 hit(s), 0 error(s), 3 left on base; Bishop Amat HS 6 - Billings West HS 1
BOTTOM OF THE 9TH
Billings West HS Golden Bears batting - Pitching for Bishop Amat HS : RHP Bob Schultz
Batting: RHB Ethan Ramos 0-0: Ground out 6-3 (Groundball, 6)
Batting: RHB Eric Dodd 0-0: Ground out 4-3 (Groundball, 4M)
Batting: RHB Jason Cook 0-0: Ball
1-0: Ball
2-0: Ground out 6-3 (Groundball, 6S)
Bottom of the 9th over - 0 run(s), 0 hit(s), 0 error(s), 0 left on base; Bishop Amat HS 6 - Billings West HS 1
Thursday, March 30th, 2017 - OOTP Baseball 17.12 Build 75